AoeStats
← KALTON69

Arena

508901682Analyzed
1v1 RM · 9d ago on Sep 24, 2026· 48m 12s· 2 players
Game mode
Random Map
Map size
Tiny (2 player)
Population
200
Speed
Normal
Resources
Standard
Victory
Conquest
Starting age
Dark Age
Ending age
Imperial Age
RankedLock teamsTeams togetherTeam positionsShared explorationLock speedFull tech treeHidden civsTurbo modeCheats
Victory
Defeat
🇧🇷 Vietnamese · Brazil
719
+29
🇳🇱 Franks · Netherlands
730
-17
KALTON69
8:09 Loom
10:16 Feudal Age
18:18 Castle Age
17:27 Stone Mining
17:24 Double-Bit Axe
17:23 Horse Collar
17:37 Gold Mining
20:14 Stone Shaft Mining
19:54 Bow Saw
21:12 Town Watch
24:39 Wheelbarrow
24:34 Heavy Plow
25:42 Arson
26:00 Squires
28:42 Hand Cart
30:39 Arson
31:01 Scale Mail Armor
31:02 Padded Archer Armor
30:54 Fletching
32:00 Thumb Ring
32:27 Town Patrol
35:31 Imperial Age
33:44 Bodkin Arrow
34:21 Chain Mail Armor
35:31 Town Patrol
35:48 Leather Archer Armor
35:43 Forging
36:24 Elite Fire Lancer
37:27 Paper Money
37:43 Ballistics
37:03 Treadmill Crane
37:34 Masonry
39:09 Plate Mail Armor
38:39 Bracer
40:26 Crop Rotation
40:59 Two-Man Saw
40:37 Hoardings
41:23 Chemistry
40:19 Murder Holes
40:35 Fortified Wall
40:59 Elite Rattan Archer
42:32 Siege Engineers
43:05 Iron Casting
44:35 Ring Archer Armor
Agnessor
11:28 Feudal Age
15:40 Castle Age
14:55 Double-Bit Axe
17:08 Wheelbarrow
17:25 Sanctity
22:57 Hand Cart
22:27 Loom
25:39 Husbandry
25:41 Pikeman
26:22 Squires
26:14 Light Cavalry
27:28 Bow Saw
27:34 Forging
27:31 Scale Barding Armor
30:14 Iron Casting
30:00 Chain Barding Armor
30:24 Ballistics
30:30 Scale Mail Armor
30:22 Fletching
31:41 Fervor
32:19 Padded Archer Armor
32:23 Murder Holes
32:38 Masonry
33:09 Ordonnance Companies
38:07 Imperial Age
38:28 Elite Throwing Axeman
40:42 Blast Furnace
40:18 Plate Barding Armor
39:59 Chain Mail Armor
39:44 Bodkin Arrow
40:57 Hoardings
41:58 Chemistry
41:28 Architecture
41:50 Cavalier
46:48 Paladin
Connection lost

Rejoining the realm…

Still unreachable

The connection could not be restored.

Session expired

The server has moved on; the page needs a fresh start.